 Dungeon Crawl Stone Soup version 0.23.0 (webtiles) character file.

Game seed: 9338123159778136886

142 Laan the Cutter (level 5, 0/33 HPs)
             Began as a Kobold Berserker on Feb 12, 2019.
             Was a Believer of Trog.
             Slain by a gnoll
             ... wielding a +0 halberd
              (14 damage)
             ... on level 4 of the Dungeon.
             The game lasted 00:03:45 (2055 turns).

Laan the Cutter (Kobold Berserker)                  Turns: 2055, Time: 00:03:45

Health: 0/33       AC:  2    Str: 15    XL:     5   Next: 49%
Magic:  5/5        EV: 16    Int:  8    God:    Trog [**....]
Gold:   90         SH:  0    Dex: 15    Spells: 4/4 levels left

rFire    . . .     SeeInvis .   a - +0 short sword
rCold    . . .     Gourm    .   (shield restricted)
rNeg     . . .     Faith    .   b - +0 animal skin
rPois    .         Spirit   .   (no helmet)
rElec    .         Reflect  .   (no cloak)
rCorr    .         Harm     .   (no gloves)
MR       ++...                  (no boots)
Stlth    +.........             (no amulet)
HPRegen  1.11/turn              (no ring)
MPRegen  0.09/turn              (no ring)

@: berserk cooldown, regenerating, slowed, very slow
A: small, carnivore
a: Berserk, Trog's Hand, Renounce Religion


You were on level 4 of the Dungeon.
You worshipped Trog.
Trog was pleased with you.
You were very full.

You visited 1 branch of the dungeon, and saw 3 of its levels.

You collected 90 gold pieces.

Inventory:

Hand Weapons
 a - a +0 short sword (weapon)
Missiles
 g - 34 stones (quivered)
Armour
 b - a +0 animal skin (worn)
Scrolls
 e - a scroll of immolation {unknown}
 h - a scroll of enchant weapon {unknown}
 j - a scroll of fear {unknown}
 l - a scroll of identify {unknown}
 m - a scroll of random uselessness {unknown}
Potions
 d - a potion of lignification {unknown}
 i - 2 potions of brilliance {unknown}
 k - a potion of mutation {unknown}
 n - a potion of agility {unknown}
Comestibles
 c - 2 rations
 f - 3 chunks of flesh


   Skills:
 + Level 4.2 Fighting
 * Level 6.1 Short Blades
 - Level 1.5 Armour
 + Level 3.8 Dodging


You had 4 spell levels left.
You didn't know any spells.
Your spell library was empty.

Dungeon Overview and Level Annotations

Branches:
Dungeon (2/15)

Altars:


Innate Abilities, Weirdness & Mutations

You are small and have problems with some larger weapons.
You are carnivorous and can eat meat at any time.


Message History

You feel yourself slow down. The gnoll misses you.
You hit the gnoll.
The gnoll is heavily wounded.
The gnoll hits you with a +0 whip. The gnoll barely misses you.
The gnoll closely misses you.
You hit the gnoll.
The gnoll is severely wounded.
The gnoll hits you with a +0 whip. The gnoll closely misses you.
You barely miss the gnoll.
The gnoll is severely wounded.
The gnoll misses you.
The gnoll hits you from afar with a +0 halberd!
* * * LOW HITPOINT WARNING * * *
Your skin crawls.
You feel resistant to hostile enchantments.
You feel somewhat less full. The gnoll barely misses you.
The gnoll misses you. x2
You hit the gnoll.
The gnoll is almost dead.
The gnoll hits you from afar with a +0 halberd!
You die...

#########################
.......##................
.........................
.........................
................@........
...........).....g)...%..
...............#.g.......
...............#.........
....รท.........##.........
....#...................[
...........>........#....
...##........###....#....
...##...............# ...


You could see 2 gnolls.

Vanquished Creatures
  Natasha (twice) (D:2)
  2 gnolls (D:4)
  2 adders (D:4)
  A worm (D:2)
  4 dart slugs
  2 leopard geckos (D:1)
  2 giant cockroaches
  2 hobgoblins (D:1)
  8 jackals
  4 kobolds
  4 bats
  4 goblins
  7 rats
44 creatures vanquished.

Notes
Turn   | Place    | Note
-------+----------+-------------------------------------------
     0 | D:1      | Laan the Kobold Berserker began the quest for the Orb.
     0 | D:1      | Reached XP level 1. HP: 14/14 MP: 1/1
   226 | D:1      | Reached XP level 2. HP: 16/19 MP: 2/2
   574 | D:1      | Reached XP level 3. HP: 23/23 MP: 3/3
  1104 | D:2      | Reached skill level 5 in Short Blades
  1185 | D:2      | Reached ** piety under Trog
  1315 | D:2      | Noticed Natasha
  1321 | D:2      | Killed Natasha
  1321 | D:2      | Reached XP level 4. HP: 12/29 MP: 4/4
  1702 | D:2      | Noticed Natasha
  1709 | D:2      | Killed Natasha
  1709 | D:2      | Reached XP level 5. HP: 33/33 MP: 5/5
  1855 | D:2      | You fall through a shaft for 2 floors!
  2041 | D:4      | Reached skill level 6 in Short Blades
  2055 | D:4      | Slain by a gnoll

Skill      XL: |  1  2  3  4  5 |
---------------+----------------+-----
Dodging        | 3 |  3.8
Short Blades   | 5 6 |  6.1
Fighting       | 4 |  4.2
Armour         | |  1.5

Action                   |  1- 3 |  4- 6 || total
-------------------------+-------+-------++-------
Melee: Short sword       |   110 |    81 ||   191
Invok: Berserk           |     3 |     2 ||     5
       Trog's Hand       |       |     1 ||     1
  Eat: Chunk             |    11 |     5 ||    16
Armor: Animal skin       |     6 |    11 ||    17
Dodge: Dodged            |    77 |    77 ||   154
